 Dungeon Sprint DCSS version 0.15-a0-1224-g3833f9c (webtiles) character file.

2900000 Infinimo the Axe Maniac (level 15, -51/146 HPs)
             Began as a Demonspawn Gladiator on June 1, 2014.
             Was a Priest of Makhleb.
             Annihilated by a destroyer
             ... wielding a +9,+9 great sword of slicing
              (191 damage)
             ... in the Dungeon (Sprint VIII: "Arena of Blood").
             The game lasted 00:00:58 (29 turns).

Infinimo the Axe Maniac (Demonspawn Gladiator)        Turns: 29, Time: 00:00:58

HP -51/146       AC  7     Str 23      XL: 15   Next: 33%
MP  15/15        EV 31     Int  9      God: Makhleb [***...]
Gold 0           SH  0     Dex 23      Spells:  0 memorised, 14 levels left

rFire  + . .     SeeInvis .     l - +โˆž Axe of Woe
rCold  . . .     Clarity  .     b - +0 leather armour
rNeg   . . .     rCorr    .     (no shield)
rPois  .         rRot     .     c - +0 helmet
rElec  .         Spirit   .     (no cloak)
SustAb .         Warding  .     (no gloves)
rMut   .         NoTele   +     (boots unavailable)
Gourm  .                        (no amulet)
MR     +....                    (no ring)
                                (no ring)

@: mighty, agile, somewhat resistant to hostile enchantments, quite stealthy
A: talons 3, icy blue scales 1, fire resistance 1, nightstalker 3, powered by
pain 1
a: Minor Destruction, Lesser Servant of Makhleb, Renounce Religion


You were in the Dungeon.
You worshipped Makhleb.
Makhleb was most pleased with you.
You were not hungry.

You visited 1 branch

Inventory:

Hand weapons
 l - the +โˆž,+โˆž Axe of Woe (weapon)
   (You found it in the Dungeon)
Missiles
 d - 3 throwing nets (quivered)
Armour
 b - a +0 leather armour (worn)
 c - a +0 helmet (worn)
Comestibles
 f - a bread ration
Scrolls
 k - a scroll of blinking
Jewellery
 m - a +27000,+30 ring of slaying
Potions
 e - a potion of curing
 g - a potion of heal wounds
 h - a potion of haste
 i - 2 potions of magic
 j - a potion of berserk rage


   Skills:
 + Level 21.8 Fighting
 O Level 27 Axes
 - Level 1.7 Throwing
 + Level 13.8 Armour
 + Level 14.1 Dodging


You had 14 spell levels left.
You didn't know any spells.

Dungeon Overview and Level Annotations

Branches:
Dungeon (1/1)

Altars:
Makhleb


Innate Abilities, Weirdness & Mutations

You have claws for feet.
You are partially covered in icy blue scales (AC +1).
Your flesh is heat resistant.
You are completely attuned to the shadows.
You sometimes gain a little power by taking damage.


Message History

A destroyer comes into view.
It is wielding a +9,+9 great sword of slicing.
Unknown command.
n - a +9,+9 battleaxe You hear a shout! x3
The destroyer moves out of view.
You hear a shout! x10
The destroyer appears out of thin air!
A destroyer comes into view.
It is wielding a +9,+9 great sword of slicing.
The destroyer shouts!
You hear a shout!
You hear a shout!
You hear a shout!
You hear a shout! x10
Drop what? (_ for help) (? for menu, Esc to quit)
You drop a +0,+0 war axe.
You hear a shout! x2
The destroyer blinks!
You hear a shout! x7
You drop a +9,+9 battleaxe.
You hear a shout! x7
The destroyer hits you with a +9,+9 great sword of slicing!!!!!
Ouch! That really hurt!
You die...

....... .........
#.......# . #.......#
...
.###.......###....
.......###.)........
........_...........
.....V#.....#.......#
.....@#_.<._#.......
.....%#)).))#......#
#........_).........
....ยง.)###........
.o###.......###.. .
#.......# . #.......#
......... ...


You could see a destroyer and a bag of meat (wandering).

Vanquished Creatures
  3 ogres (D)
  5 orcs (D)
8 creatures vanquished.

Notes
Turn   | Place    | Note
--------------------------------------------------------------
     0 | D        | Infinimo, the Demonspawn Gladiator, began the quest for the Orb.
     0 | D        | Reached XP level 1. HP: 16/16 MP: 1/1
     2 | D        | Noticed a bag of meat
     4 | D        | Noticed a bag of meat
     4 | D        | Became a worshipper of Makhleb the Destroyer
     7 | D        | Killed a bag of meat
     7 | D        | Reached skill level 23 in Axes
     7 | D        | Gained mutation: You have sharp toenails. [demonic ancestry]
     7 | D        | Reached XP level 2. HP: 22/22 MP: 2/2
     7 | D        | Gained mutation: You have razor-sharp toenails. [demonic ancestry]
     7 | D        | Reached XP level 3. HP: 27/27 MP: 3/3
     7 | D        | Gained mutation: You sometimes gain a little power by taking damage. [demonic ancestry]
     7 | D        | Reached XP level 4. HP: 33/33 MP: 4/4
     7 | D        | Gained mutation: You are partially covered in icy blue scales (AC +1). [demonic ancestry]
     7 | D        | Reached XP level 5. HP: 38/38 MP: 5/5
     7 | D        | Gained mutation: You are slightly more attuned to the shadows. [demonic ancestry]
     7 | D        | Reached XP level 6. HP: 44/44 MP: 6/6
     7 | D        | Gained mutation: You are significantly more attuned to the shadows. [demonic ancestry]
     7 | D        | Reached XP level 7. HP: 50/50 MP: 7/7
     7 | D        | Gained mutation: You have claws for feet. [demonic ancestry]
     7 | D        | Reached XP level 8. HP: 56/56 MP: 8/8
     7 | D        | Reached XP level 9. HP: 61/61 MP: 9/9
     7 | D        | Reached XP level 10. HP: 67/67 MP: 10/10
     7 | D        | Reached XP level 11. HP: 72/72 MP: 11/11
     9 | D        | Noticed a bag of meat
    10 | D        | Killed a bag of meat
    10 | D        | Acquired Makhleb's first power
    10 | D        | Reached skill level 26 in Axes
    10 | D        | Gained mutation: You are completely attuned to the shadows. [demonic ancestry]
    10 | D        | Reached XP level 12. HP: 56/78 MP: 12/12
    11 | D        | Noticed a meat berserker
    13 | D        | Killed a meat berserker
    13 | D        | Reached skill level 27 in Axes
    13 | D        | Reached XP level 13. HP: 82/108 MP: 13/13
    14 | D        | Killed a bag of meat
    15 | D        | Noticed a bag of meat
    17 | D        | Killed a bag of meat
    17 | D        | Acquired Makhleb's second power
    17 | D        | Reached XP level 14. HP: 128/131 MP: 14/14
    19 | D        | Noticed a bag of meat
    20 | D        | Noticed a meat berserker
    20 | D        | Noticed a bag of meat
    20 | D        | Noticed a meat berserker
    21 | D        | Killed a meat berserker
    21 | D        | Reached skill level 10 in Armour
    21 | D        | Reached skill level 10 in Dodging
    23 | D        | Killed a meat berserker
    23 | D        | Gained mutation: Your flesh is heat resistant. [demonic ancestry]
    23 | D        | Reached XP level 15. HP: 91/143 MP: 15/15
    23 | D        | Killed a bag of meat
    23 | D        | Acquired Makhleb's third power
    24 | D        | Noticed a bag of meat
    26 | D        | Noticed a destroyer
    27 | D        | Noticed a destroyer
    29 | D        | Annihilated by a destroyer

Action                   |  1- 3 |  4- 6 |  7- 9 | 10-12 | 13-15 || total
-------------------------+-------+-------+-------+-------+-------++-------
Melee: Executioner's axe |     1 |       |       |     2 |     4 ||     7
